 Dungeon Crawl Stone Soup version 0.21-a0-442-g848f44b (webtiles) character file.

924 kae the Digger (level 8, -16/41 HPs)
             Began as a Gargoyle Earth Elementalist on Nov 15, 2017.
             Killed from afar by kae's ghost (23 damage)
             ... with a stone arrow
             ... on level 5 of the Dungeon.
             The game lasted 00:05:26 (4332 turns).

kae the Digger (Gargoyle Earth Elementalist)        Turns: 4332, Time: 00:05:27

Health: -16/41     AC:  7    Str: 12    XL:     8   Next: 10%
Magic:  6/15       EV: 12    Int: 18    God:
Gold:   105        SH:  4    Dex: 10    Spells: 12/16 levels left

rFire    . . .     SeeInvis .   a - +3 spear
rCold    . . .     Gourm    .   l - +0 buckler
rNeg     + + .     Faith    .   c - +0 robe
rPois    ∞         Spirit   .   (no helmet)
rElec    +         Reflect  .   (no cloak)
rCorr    .         Harm     .   (no gloves)
MR       .....                  (no boots)
Stlth    ++........             (no amulet)
HPRegen  0.13/turn              i - ring of positive energy
MPRegen  0.14/turn              (no ring)

@: no status effects
A: negative energy resistance 1, electricity resistance, unbreathing,
petrification resistance, rot immunity, AC +5
a: no special abilities


You were on level 5 of the Dungeon.
You were not hungry.

You visited 1 branch of the dungeon, and saw 5 of its levels.

You collected 105 gold pieces.

Inventory:

Hand Weapons
 a - a +3 spear (weapon)
Missiles
 b - 40 stones (quivered)
Armour
 c - a +0 robe (worn)
 l - a +0 buckler (worn)
Jewellery
 i - a ring of positive energy (left hand)
Scrolls
 f - a scroll of fog
 g - 5 scrolls of remove curse
 k - 3 scrolls of identify
 p - 3 scrolls of teleportation
Potions
 h - 3 potions of curing
 m - a potion of heal wounds
 s - 2 potions of might
 u - 2 potions of haste
Books
 e - a book of Geomancy

   Spells                             Type                      Level
   a - Sandblast                      Earth                        1
   b - Passwall                       Transmutation/Earth          2
   c - Stone Arrow                    Conjuration/Earth            3
   d - Petrify                        Transmutation/Earth          4
   e - Lee's Rapid Deconstruction     Earth                        5
Comestibles
 d - a bread ration
 j - 2 chunks of flesh
 o - 2 fruits
 q - 2 royal jellies
 t - a meat ration


   Skills:
 - Level 1.5 Dodging
 - Level 2.1 Stealth
 + Level 3.3 Shields
 * Level 4.9 Spellcasting
 * Level 4.5 Conjurations
   Level 0.7 Transmutations
 * Level 7.0 Earth Magic


You had 12 spell levels left.
You knew the following spells:

 Your Spells              Type           Power        Failure   Level  Hunger
a - Sandblast             Erth           ####..       1%          1    None
b - Stone Arrow           Conj/Erth      ####..       4%          3    ###....


Dungeon Overview and Level Annotations

Branches:
Dungeon (5/15)
 Temple: D:4-7

Altars:
Fedhas

Shops:
D:4 %

Annotations:
D:5 kae's ghost, novice GrEE


Innate Abilities, Weirdness & Mutations

You are resistant to torment.
Your stone body is resilient. (AC +5)
You are immune to poison.
You resist negative energy. (rN+)
You are resistant to electric shocks. (rElec)
You can survive without breathing.
You are immune to petrification.
You are immune to rotting.


Message History

The blast of sand hits kae's ghost.
Kae's ghost is heavily damaged.
b - 41 stones The crimson imp hits you.
* * * LOW HITPOINT WARNING * * *
You block kae's ghost's attack.
Casting: Sandblast
Confirm with . or Enter, or press ? or * to list all spells.
Aiming: Sandblast
Press: ? - help, Shift-Dir - straight line, f/p - kae's ghost
Aim: kae's ghost (heavily damaged)
The blast of sand hits kae's ghost.
Kae's ghost is severely damaged.
b - 40 stones The crimson imp hits you.
* * * LOW HITPOINT WARNING * * *
Kae's ghost gestures at you while chanting.
The stone arrow hits you!
Ouch! That really hurt!
You die...

........#
#.......#######
#................
#................
#...............
#...............
#...)5..........
#...[@†........#
#...#.[W........#
. ##....%.....#
##........##
#......%.#
#..#####.# #..# #
...# .....


You could see kae's ghost and a crimson imp.

Vanquished Creatures
  Grinder (D:4)
  Blork the orc (D:4)
  2 howler monkeys
  A hound (D:4)
  A bullfrog skeleton (D:4)
  A jelly (D:3)
  2 orc priests
  4 worker ants
  Natasha (thrice) (D:2)
  3 orc wizards
  2 river rats (D:4)
  6 adders
  3 oozes
  An adder skeleton (D:5)
  5 worms
  A dart slug (D:1)
  2 leopard geckos (D:2)
  6 orcs
  12 giant cockroaches
  5 goblins
  6 hobgoblins
  7 jackals
  7 quokkas
  4 ball pythons
  6 bats
  2 frilled lizards (D:4)
  A jackal skeleton (D:4)
  5 kobolds
  10 rats
  A plant (D:3)
111 creatures vanquished.

Vanquished Creatures (others)
  A plant (D:3)
1 creature vanquished.

Grand Total: 112 creatures vanquished

Notes
Turn   | Place    | Note
-------+----------+-------------------------------------------
     0 | D:1      | kae the Gargoyle Earth Elementalist began the quest for the Orb.
     0 | D:1      | Reached XP level 1. HP: 10/10 MP: 3/3
   192 | D:1      | Reached XP level 2. HP: 15/15 MP: 5/5
   203 | D:1      | Reached skill level 4 in Earth Magic
   612 | D:1      | Reached XP level 3. HP: 19/19 MP: 6/6
   800 | D:2      | Reached skill level 1 in Shields
   931 | D:2      | Learned a level 3 spell: Stone Arrow
  1072 | D:2      | Reached XP level 4. HP: 24/24 MP: 8/8
  1088 | D:2      | Found a faded altar of an unknown god.
  1496 | D:3      | Reached skill level 1 in Conjurations
  1503 | D:3      | Reached XP level 5. HP: 21/28 MP: 5/9
  1562 | D:3      | Reached skill level 5 in Earth Magic
  2384 | D:3      | Noticed Natasha
  2399 | D:2      | Killed Natasha
  2419 | D:2      | Noticed Natasha
  2424 | D:2      | Killed Natasha
  2424 | D:2      | Reached XP level 6. HP: 21/32 MP: 0/11
  2873 | D:2      | Noticed Natasha
  2880 | D:2      | Killed Natasha
  3188 | D:4      | Noticed Blork the orc
  3452 | D:4      | Noticed Grinder
  3554 | D:4      | Killed Grinder
  3554 | D:4      | Reached skill level 6 in Earth Magic
  3554 | D:4      | Reached XP level 7. HP: 18/36 MP: 4/13
  3578 | D:4      | Killed Blork the orc
  3590 | D:4      | Found Sych's Food Shop.
  3647 | D:4      | Found a blossoming altar of Fedhas.
  4157 | D:5      | Entered Level 5 of the Dungeon
  4204 | D:5      | Reached XP level 8. HP: 40/41 MP: 8/15
  4222 | D:5      | Reached skill level 7 in Earth Magic
  4244 | D:5      | Noticed kae's ghost (novice GrEE)
  4332 | D:5      | Killed from afar by kae's ghost

Vault maps used:
D:1:      roderic_crossed_star
D:2:      minmay_roachtagon, chequers_ecumenical_altar_simple
D:3:      serial_bayou_lake_a, uniq_natasha
D:4:      fedhas_altar_1, portal_sewer_entry_e, serial_shops, shop,
          hangedman_decor_clover_reticule, uniq_blork_the_orc, uniq_grinder
D:5:      first_bread, serial_shops, kennysheep_mini, kennysheep_mini_moat,
          nicolae_shop_waterfront, shop

Skill      XL: |  1  2  3  4  5  6  7  8 |
---------------+-------------------------+-----
Earth Magic    | 4 5 6 7 |  7.0
Shields        | 1 2 3 |  3.3
Spellcasting   | 3 4 |  4.9
Conjurations   | 1 2 3 4 |  4.5
Dodging        | |  1.5
Stealth        | |  2.1
Transmutations | |  0.7

Action                   |  1- 3 |  4- 6 |  7- 9 || total
-------------------------+-------+-------+-------++-------
Melee: Spear             |    97 |   210 |    95 ||   402
 Cast: Sandblast         |     1 |    34 |    26 ||    61
       Stone Arrow       |       |    10 |     8 ||    18
  Use: Scroll            |       |    10 |     2 ||    12
 Stab: Sleeping          |     8 |     2 |     1 ||    11
  Eat: Chunk             |     1 |     9 |     3 ||    13
Armor: Robe              |    24 |    55 |    24 ||   103
Dodge: Dodged            |    56 |    99 |    64 ||   219
Block: Buckler           |     5 |    15 |    26 ||    46

Table legend:
 A = Spawn XP
 B = Non-spawn XP
 C = Spawn XP percentage of total XP
 D = Spawn monster count
 E = Non-spawn monster count
 F = Spawn count percentage of total count
 G = Total turns spent on level
                    A         B        C        D         E        F      G
               +---------+---------+-------+---------+---------+-------+---------
         Total |       0 |    1321 |   0.0 |       0 |     110 |   0.0 |  4332
               +---------+---------+-------+---------+---------+-------+---------
           D:1 |       0 |      34 |   0.0 |       0 |      14 |   0.0 |   675
           D:2 |       0 |     193 |   0.0 |       0 |      36 |   0.0 |  1348
           D:3 |       0 |     183 |   0.0 |       0 |      22 |   0.0 |  1283
           D:4 |       0 |     704 |   0.0 |       0 |      28 |   0.0 |   926
           D:5 |       0 |     207 |   0.0 |       0 |      10 |   0.0 |   100
               +---------+---------+-------+---------+---------+-------+---------
